 Dungeon Crawl Stone Soup version 0.18-a0-1649-g8d9735b (webtiles) character file.

630543 zxpr0jk the Slayer (level 27, -3/214 HPs)
             Began as a Minotaur Fighter on Mar 30, 2016.
             Was the Champion of Cheibriados.
             Killed from afar by a purple draconian (30 damage)
             ... with a bolt of dispelling energy
             ... on level 5 of the Realm of Zot.
             The game lasted 04:15:37 (41946 turns).

zxpr0jk the Slayer (Minotaur Fighter)              Turns: 41946, Time: 04:15:38

Health: -3/214     AC: 48    Str: 48    XL:     27
Magic:  17/34      EV: 34    Int: 21    God:    Cheibriados [******]
Gold:   5496       SH: 35    Dex: 43    Spells: 11 memorised, 3 levels left

rFire  . . .     SeeInvis .     x - +3 broad axe (distort)
rCold  + . .     Gourm    .     M - +8 orange crystal plate armour {Archmagi, Int+3 Clar SustAt}
rNeg   + . .     Faith    .     U - +4 large shield
rPois  +         Spirit   .     C - +2 hat
rElec  +         Dismiss  .     N - +2 cloak {rPois}
rCorr  .         Reflect  .     F - +2 pair of gloves {archery}
SustAt +         Harm     .     z - +2 pair of boots {Stlth+}
MR     +++..     Clarity  +     y - amulet of the Five Places {+Blink rC+ rN+ Regen+ Int-2}
Stlth  .......... NoTele   +    r - ring of Amelioration {-Tele +Fly rPois Str+10 Dex+4}
                                L - ring of Finality {+Fly rElec AC+3 Dex+5}

@: very slow, extremely resistant to hostile enchantments, extremely unstealthy
A: retaliatory headbutt, horns 2, talons 2, large bone plates 1, rugged brown
scales 1, blink, blurry vision 1, clumsy 1, deformed body, deterioration 1,
frail 2, magic resistance 1, regeneration 1, teleportitis 1, evolution 2
a: Blink, Bend Time, Temporal Distortion, Slouch, Step From Time, Renounce
Religion, Evoke Blink, Evoke Flight
}: 3/15 runes: decaying, silver, gossamer


You were on level 5 of the Realm of Zot.
You worshipped Cheibriados.
Cheibriados was exalted by your worship.
You were completely stuffed.

You visited 9 branches of the dungeon, and saw 49 of its levels.
You visited 1 ziggurat, and saw 12 of its levels.
You also visited: Ice Cave.

You collected 6273 gold pieces.
You spent 777 gold pieces at shops.

Inventory:

Hand Weapons
 x - a +3 broad axe of distortion (weapon)
Missiles
 T - 7 javelins of penetration (quivered)
Armour
 z - a +2 pair of boots of stealth (worn)
 C - a +2 hat (worn)
 F - a +2 pair of gloves of archery (worn)
 M - the +8 orange crystal plate armour (worn) {Archmagi, Int+3 Clar SustAt}
   (You found it on level 5 of the Dungeon)

   It affects your intelligence (+3).
   It sustains your strength, intelligence and dexterity.
   It protects you against confusion.
 N - a +2 cloak of poison resistance (worn)
 U - a +4 large shield (worn)
Jewellery
 r - the ring of Amelioration (right hand) {-Tele +Fly rPois Str+10 Dex+4}
   (You found it on level 3 of the Depths)

   [ring of flight]

   It affects your strength (+10).
   It affects your dexterity (+4).
   It protects you from poison.
   It lets you fly.
   It prevents most forms of teleportation.
 v - an uncursed ring of positive energy
 y - the amulet of the Five Places (around neck) {+Blink rC+ rN+ Regen+ Int-2}
   (You bought it in a shop on level 2 of the Orcish Mines)

   [amulet of regeneration]

   It affects your intelligence (-2).
   It protects you from cold.
   It protects you from negative energy.
   It lets you blink.
   It increases your rate of regeneration.
 L - the ring of Finality (left hand) {+Fly rElec AC+3 Dex+5}
   (You took it off a yaktaur captain on level 5 of the Vaults)

   [ring of protection]

   It affects your AC (+3).
   It affects your dexterity (+5).
   It insulates you from electricity.
   It lets you fly.
Wands
 a - a wand of digging (11/24)
 o - a wand of teleportation (8/9)
 E - a wand of digging (14/24)
 H - a wand of disintegration (9/24)
 I - a wand of enslavement (7/24)
 W - a wand of digging (14/24)
Scrolls
 b - 8 scrolls of fear
 d - 5 scrolls of summoning
 h - a scroll of holy word
 j - 2 scrolls of brand weapon
 k - 33 scrolls of remove curse
 l - 6 scrolls of magic mapping
 q - 5 scrolls of recharging
 s - 6 scrolls of identify
 u - 28 scrolls of teleportation
 A - 9 scrolls of immolation
 D - 3 scrolls of vulnerability
 J - 6 scrolls of amnesia
 K - a scroll of fog
 O - a scroll of silence
 P - 2 scrolls of enchant weapon
 Z - 4 scrolls of blinking
Potions
 c - a potion of ambrosia
 e - 6 potions of brilliance
 t - 5 potions of cancellation
 B - 13 potions of curing
 R - 4 potions of cure mutation
 V - 2 potions of magic
 X - 3 potions of might
 Y - 8 potions of flight
Books
 G - Sesiom's Spellweaving Continued
   (You found it on level 4 of the Depths)

   Spells                             Type                      Level
   a - Conjure Flame                  Conjuration/Fire             3
   b - Mephitic Cloud                 Conjuration/Poison/Air       3
   c - Ignite Poison                  Fire/Transmutation/Poison    3
   d - Inner Flame                    Hexes/Fire                   3
   e - Gell's Gravitas                Hexes/Translocation          3
Comestibles
 f - 22 bread rations
 g - 13 royal jellies
 m - 12 beef jerkies
 p - 10 slices of pizza
 w - 24 meat rations
 S - 11 fruits


   Skills:
 - Level 23.0 Fighting
 - Level 18.1 Axes
 + Level 21.1 Armour
 - Level 21.7 Dodging
 - Level 17.8 Shields
 - Level 10.1 Unarmed Combat
 - Level 3.0 Spellcasting
 - Level 16.3 Invocations
 - Level 15.0 Evocations


You had 3 spell levels left.
You knew the following spells:

 Your Spells              Type           Power        Failure   Level  Hunger
a - Repel Missiles        Chrm/Air       #.....       99%         2    ##.....
b - Silence               Hex/Air        #.........   100%        5    ######.
c - Cigotuvi's Embrace    Necr           #.........   100%        5    ######.
d - Regeneration          Chrm/Necr      #.........   100%        3    ###....
e - Corona                Hex            #......      98%         1    None
f - Passwall              Trmt/Erth      #.........   99%         2    ##.....
g - Confusing Touch       Hex            #.....       99%         2    ##.....
h - Apportation           Tloc           #.........   98%         1    None
i - Shroud of Golubria    Chrm/Tloc      #.........   99%         2    ##.....
j - Teleport Other        Tloc           #.......     100%        3    ###....
k - Mephitic Cloud        Conj/Pois/Air  #.......     100%        3    ###....


Dungeon Overview and Level Annotations

Branches:
Dungeon (15/15)            Temple (1/1) D:6            Lair (8/8) D:11
  Swamp (4/4) Lair:5       Spider (4/4) Lair:3        Slime (0/6) Lair:8
    Orc (2/2) D:10            Elf (0/3) Orc:2        Vaults (5/5) D:14
  Crypt (0/3) Vaults:2     Depths (5/5) D:15            Zot (5/5) Depths:5

Altars:
Ashenzari
Cheibriados
Dithmenos
Elyvilon
Fedhas
Gozag
Kikubaaqudgha
Makhleb
Nemelex Xobeh
Okawaru
Pakellas
Qazlal
Ru
Sif Muna
Trog
Vehumet
Xom
Yredelemnul
Zin
The Shining One

Shops:
D:5 [   D:8 !   Orc:2 (=[=   Vaults:2 *?:

Portals:
Hell: Depths:1 Depths:2* Depths:3 Depths:4 Depths:5
Abyss: Depths:4
Pandemonium: Depths:3

Annotations:
D:7 Blork the orc
Abyss:1 Frederick


Innate Abilities, Weirdness & Mutations

You reflexively headbutt those who attack you in melee.
You have a pair of horns on your head.
You have razor-sharp toenails.
You are partially covered in large bone plates (AC +2, SH +2).
You are partially covered in rugged brown scales (AC +1, +3% HP).
You can translocate small distances at will.
Scrolls take you a little longer to read.
You are clumsy. (Dex -2)
Armour fits poorly on your strangely shaped body.
Your body sometimes deteriorates upon taking damage.
You are very frail (-20% HP).
You are resistant to hostile enchantments.
Your natural rate of healing is unusually fast.
You are occasionally teleported next to monsters.
You rapidly evolve.


Message History

Strange energies course through your body.
Your vision blurs.
The orb of fire glows yellow.
The fireball explodes!
The fireball engulfs you!
* * * LOW HITPOINT WARNING * * *
The fireball engulfs the orb of fire.
The orb of fire completely resists.
An ice dragon comes into view.
You step out of the flow of time.
You hear a distant "Zot"! x11
You return to the normal time flow.
You feel somewhat less full.
The purple draconian roars!
You hear a distant "Zot"!
Unknown command.
Unknown command.
Drink which item? (? for menu, Esc to quit)
You feel much better.
You barely miss the purple draconian.
You headbutt the purple draconian, but do no damage.
The purple draconian breathes dispelling energy at you.
The bolt of dispelling energy hits you!
You die...

..............▓
..............▓
.............▓
..........▓ ........▓
#▓▓▓▓▓▓#▓▓▓▓##.....▓▓
#...^............^..##
.†.##....^^.^...@....##
.###...........d......#
###....................#
# #...^...^............#
#.........^..........#
#.....%..............#
#............^.......#
#....................#
##..................#


You could see a purple draconian.

Vanquished Creatures
  2 ancient liches
  A juggernaut (Depths:4)
  A greater mummy (Depths:2)
  Boris (Vaults:2)
  4 Killer Klowns
  6 golden dragons
  the Enchantress (Depths:2)
  Xtahua (Vaults:2)
  A bone dragon (Zig:6)
  An electric golem (Zot:5)
  11 tentacled monstrosities
  13 Orb Guardians (Zot:5)
  A quicksilver dragon (Depths:4)
  3 liches (Depths:4)
  An eldritch tentacle (Zot:5)
  6 titans
  An Executioner (Zig:8)
  4 death cobs
  5 acid blobs (Zig:11)
  5 sphinxes
  5 thorn hunters
  5 shadow dragons
  Roxanne (D:15)
  5 draconian monks
  6 storm dragons
  An azure jelly (Zig:11)
  7 fire giants
  4 tengu reavers
  A draconian knight (Zot:2)
  5 ghost moths
  An iron dragon (Vaults:5)
  5 frost giants
  5 emperor scorpions
  A deep elf sorcerer (Depths:4)
  4 draconian scorchers
  4 draconian shifters
  An orc warlord (Zig:10)
  A chaos champion (Zig:7)
  11 vault wardens
  A juggernaut zombie (Depths:2)
  2 draconian annihilators
  2 draconian zealots
  4 spriggan defenders
  25 ironheart preservers
  4 very ugly things
  18 stone giants
  A stone giant (shapeshifter) (Zig:7)
  A war gargoyle (Vaults:5)
  A vampire knight (Depths:4)
  The ghost of ryw the Markscentaur, a journeyman CeHu of Okawaru (Lair:7)
  3 draconian callers
  2 salamander stormcallers
  5 white draconians
  8 green draconians
  6 black draconians
  5 mottled draconians
  Azrael (D:15)
  3 deep elf demonologists
  4 purple draconians
  3 deep elf annihilators
  5 red draconians
  10 yellow draconians
  6 small abominations
  2 spark wasps
  Snorg (Lair:3)
  22 ettins
  2 merfolk impalers
  2 blizzard demons (IceCv)
  A deep elf death mage (Vaults:2)
  A mummy priest (Zig:2)
  31 vault guards
  A deep elf high priest (Vaults:5)
  8 great orbs of eyes
  13 fire dragons
  23 yaktaur captains
  Erolcha (D:11)
  A rakshasa (Vaults:2)
  13 ice dragons
  A great orb of eyes (shapeshifter) (Vaults:5)
  29 hydras
  A ghost crab (Swamp:3)
  A hell beast (Depths:3)
  4 spriggan air magi
  2 naga warriors (Zig:4)
  4 catoblepae
  A death knight (Vaults:2)
  4 centaur warriors
  A queen ant (Spider:3)
  8 alligators
  24 ogre magi
  5 deep troll shamans
  17 death yaks
  3 orc high priests (Zig:10)
  12 deep troll earth magi
  8 spriggan berserkers
  3 tengu warriors
  14 hell knights
  A vampire mage (Depths:2)
  A queen ant (shapeshifter) (Depths:4)
  A naga sharpshooter (Zig:4)
  A thrashing horror (Zig:8)
  8 deep elf knights
  2 large abominations
  4 fire crabs
  4 skeletal warriors (Vaults:2)
  5 spriggans
  6 iron trolls
  A spatial maelstrom (Zig:6)
  The ghost of murphyslaw the Martial Artist, a novice DsCK of Xom (D:9)
  A shadow wraith (Vaults:3)
  4 unseen horrors
  2 wretched stars
  4 spriggan druids
  4 giant orange brains
  7 wizards
  2 flayed ghosts
  9 swamp dragons
  23 deep trolls
  Pikel (D:6)
  12 deep elf archers
  3 phantasmal warriors (Vaults:5)
  2 tengu zombies (Depths:2)
  17 ironbrand convokers
  An obsidian statue (Zig:5)
  10 hill giants
  14 orc knights
  4 necromancers
  A shambling mangrove (Swamp:2)
  20 orb spiders
  4 shining eyes (Zig:11)
  10 harpies
  A harpy (shapeshifter) (Vaults:4)
  A frost giant zombie (Zig:3)
  A mana viper (shapeshifter) (D:14)
  5 oklob plants
  8 orc sorcerers
  40 ugly things
  35 wolf spiders
  3 manticores
  5 griffons
  A moth of wrath (shapeshifter) (Vaults:5)
  11 hornets
  A salamander (shapeshifter) (Depths:1)
  8 cyclopes
  9 moths of wrath
  25 deep elf magi
  6 black mambas
  2 eyes of devastation
  An elephant (shapeshifter) (Vaults:3)
  An ice statue (IceCv)
  11 vault sentinels
  15 spiny frogs
  An apocalypse crab (Zig:7)
  5 elephants (Lair:3)
  2 smoke demons (Zig:8)
  3 centaur skeletons
  7 komodo dragons
  51 yaktaurs
  A redback zombie (D:14)
  A hellion (Zig:8)
  3 rime drakes
  14 demonic crawlers
  A komodo dragon (shapeshifter) (Depths:4)
  A yaktaur (shapeshifter) (D:15)
  A kobold demonologist (D:14)
  5 freezing wraiths
  2 anaconda simulacra (IceCv)
  An ancient zyme (Zig:6)
  6 ice devils
  3 guardian mummies (Depths:2)
  2 golden dragon simulacra (IceCv)
  2 tormentors
  2 polar bears
  3 tengu conjurers
  A red devil (Depths:3)
  43 jumping spiders
  6 giant leeches
  11 trolls
  2 wolf spider simulacra
  38 two-headed ogres
  29 slime creatures
  4 bog bodies
  20 blink frogs
  A raiju (Zig:6)
  An ushabti (Zig:2)
  6 boulder beetles
  3 spriggan zombies
  66 redbacks
  4 shadows
  An air elemental (Depths:5)
  A wyvern (D:11)
  A spriggan (shapeshifter) (Vaults:4)
  3 dire elephant simulacra (IceCv)
  An elf skeleton (Depths:3)
  2 redbacks (shapeshifter)
  A wraith (D:10)
  37 tarantellas
  25 orc warriors
  38 yaks
  A hog (shapeshifter) (Vaults:2)
  21 water elementals
  8 fire elementals
  A golden eye (shapeshifter) (Depths:3)
  A neqoxec (Zig:6)
  13 hippogriffs
  3 hippogriffs (shapeshifter)
  3 hungry ghosts
  2 basilisks
  An iron troll simulacrum (IceCv)
  34 vampire mosquitoes
  2 mottled dragons (Vaults:2)
  2 chaos spawn (Zig:7)
  11 insubstantial wisps (Swamp:4)
  3 wargs
  5 harpy simulacra (IceCv)
  16 soldier ants
  16 swamp worms
  A swamp worm (shapeshifter) (Depths:2)
  A warg (shapeshifter) (Vaults:5)
  Edmund (D:6)
  A naga (Zig:4)
  4 hell hounds (D:15)
  21 water moccasins
  2 hydra simulacra (IceCv)
  13 porcupines
  2 ice beasts
  2 eyes of draining
  13 swamp drakes
  4 sky beasts
  A necrophage (D:8)
  A swamp drake (shapeshifter) (Vaults:4)
  2 alligator simulacra (IceCv)
  2 phantoms
  7 wasps
  5 boggarts (D:15)
  19 wolves
  74 ogres
  17 centaurs
  15 crocodiles
  28 giant frogs
  A giant frog (shapeshifter) (Depths:4)
  A water moccasin skeleton (D:7)
  30 killer bees
  6 scorpions
  An elephant simulacrum (IceCv)
  18 wights
  5 electric eels
  8 howler monkeys
  13 crimson imps
  7 centaur zombies
  9 starcursed masses (Zig:8)
  2 human simulacra (Vaults:1)
  2 draconian simulacra (IceCv)
  6 hounds
  14 jellies
  2 giant frog zombies
  A giant frog skeleton (D:8)
  12 orc priests
  18 orc wizards
  A gnoll shaman (D:6)
  6 iguanas
  29 worker ants
  9 hell rats (Lair:6)
  5 troll simulacra (IceCv)
  A polar bear simulacrum (IceCv)
  2 spriggan simulacra (IceCv)
  A killer bee zombie (D:10)
  2 wolf simulacra (IceCv)
  37 sheep
  2 centaur simulacra (IceCv)
  10 mummies
  2 worker ant zombies
  10 gnolls
  2 ogre simulacra (IceCv)
  10 adders
  5 naga simulacra (IceCv)
  67 river rats
  4 shadow imps
  8 white imps
  3 ufetubi (IceCv)
  17 oozes (Lair:2)
  3 adder skeletons
  6 worms
  2 dart slugs
  4 giant geckos
  104 orcs
  2 ball pythons
  5 bats
  A bat zombie (D:6)
  5 giant cockroaches
  6 goblins
  9 hobgoblins
  4 jackals
  4 quokkas
  2 giant gecko zombies (D:3)
  3 giant newts
  3 kobolds
  2 quokka skeletons (D:3)
  A quokka zombie (D:6)
  27 rats
  2 rat zombies (D:6)
  A spectral orc (D:9)
  2 briar patches (Swamp:3)
  2 bushes (Lair:2)
  A crawling corpse (Vaults:5)
  10 fungi
  5 plants
  A withered plant (D:3)
2354 creatures vanquished.

Vanquished Creatures (others)
  An orb of fire (Zot:5)
  Margery (Vaults:2)
  A golden dragon (Zot:5)
  A lich (Depths:3)
  An Orb Guardian (Zot:5)
  A death cob (Zot:3)
  A shadow dragon (Zot:5)
  A fire giant (Depths:4)
  A vault warden (Vaults:5)
  A draconian zealot (Zot:3)
  An ironheart preserver (Vaults:4)
  A stone giant (Depths:3)
  A spriggan defender (Depths:2)
  A mottled draconian (Zot:3)
  3 black draconians
  2 yellow draconians (Zot:2)
  A purple draconian (Zot:2)
  2 ice dragons
  An entropy weaver (Depths:5)
  A yaktaur captain (Vaults:5)
  A rakshasa (Depths:4)
  A centaur warrior (Depths:2)
  An ogre mage (Orc:2)
  A titan zombie (Depths:2)
  A spriggan rider (Depths:5)
  A stone giant zombie (Depths:2)
  A wolf spider (Spider:1)
  A yaktaur (Depths:4)
  A jumping spider (Spider:1)
  2 two-headed ogres (Orc:2)
  An air elemental (Depths:5)
  A redback (Depths:5)
  A large abomination (Zig:8)
  A swamp drake (Swamp:1)
  A slave (D:6)
  A centaur (Vaults:2)
  A killer bee (Depths:4)
  2 orc wizards
  A shadow imp (D:6)
  3 white imps (IceCv)
  An adder skeleton (D:6)
  2 orcs
  A giant newt (D:6)
  3 briar patches (Swamp:3)
  13 fungi
  8 plants
  A starspawn tentacle (Zig:12)
  13 starspawn tentacle segments (Zig:12)
90 creatures vanquished.

Grand Total: 2444 creatures vanquished

Notes
Turn   | Place    | Note
--------------------------------------------------------------
     0 | D:1      | zxpr0jk the Minotaur Fighter began the quest for the Orb.
     0 | D:1      | Reached XP level 1. HP: 19/19 MP: 0/0
    86 | D:1      | Reached XP level 2. HP: 27/27 MP: 1/1
   400 | D:1      | Reached skill level 4 in Fighting
   802 | D:2      | Reached XP level 3. HP: 12/33 MP: 2/2
  1324 | D:2      | Reached XP level 4. HP: 34/41 MP: 3/3
  1613 | D:3      | Found a glowing drain.
  1652 | D:3      | Reached skill level 5 in Axes
  1666 | D:3      | Reached skill level 5 in Fighting
  1670 | D:3      | Reached XP level 5. HP: 43/48 MP: 4/4
  1711 | D:3      | Found a faded altar to an unknown god.
  2170 | D:4      | Reached XP level 6. HP: 49/56 MP: 5/5
  2468 | D:5      | Entered Level 5 of the Dungeon
  2598 | D:5      | Found Votoxtu's Armour Emporium.
  2606 | D:5      | Bought a +0 pair of gloves for 63 gold pieces
  2735 | D:5      | Reached skill level 6 in Fighting
  2737 | D:5      | Found a blossoming altar of Fedhas.
  2842 | D:5      | Reached XP level 7. HP: 60/64 MP: 6/6
  3658 | D:6      | Noticed Pikel
  3669 | D:6      | Killed Pikel
  3669 | D:6      | Reached skill level 7 in Fighting
  3669 | D:6      | Reached XP level 8. HP: 74/74 MP: 7/7
  3693 | D:6      | Noticed Edmund
  3708 | D:6      | Reached skill level 8 in Fighting
  3713 | D:6      | Killed Edmund
  3928 | D:6      | Found an ancient bone altar of Kikubaaqudgha.
  4060 | D:6      | Found a staircase to the Ecumenical Temple.
  4306 | Temple   | Entered the Ecumenical Temple
  4630 | Temple   | Became a worshipper of Cheibriados the Contemplative
  4894 | D:7      | Noticed Blork the orc
  4910 | D:7      | Found a deep blue altar of Sif Muna.
  4980 | D:7      | Reached XP level 9. HP: 82/82 MP: 8/8
  5056 | D:7      | Reached skill level 9 in Fighting
  5299 | D:7      | Reached * piety under Cheibriados
  5302 | D:7      | Found a deep blue altar of Sif Muna.
  5466 | D:7      | Reached skill level 10 in Armour
  5665 | D:8      | Found a burning altar of Makhleb.
  5703 | D:8      | Reached ** piety under Cheibriados
  5854 | D:8      | Found Qaaveifu's Distillery.
  5864 | D:8      | Gained mutation: Potions and wands are less effective at restoring your health. [potion of mutation]
  5864 | D:8      | Gained mutation: Scrolls take you a little longer to read. [potion of mutation]
  5864 | D:8      | Lost mutation: Potions and wands are less effective at restoring your health. [potion of mutation]
  5946 | D:8      | Found a bloodstained altar of Trog.
  5973 | D:8      | Reached skill level 1 in Dodging
  6828 | D:9      | Found a blossoming altar of Fedhas.
  6828 | D:9      | Found a shadowy altar of Dithmenos.
  6835 | D:9      | Reached skill level 5 in Dodging
  6845 | D:9      | Found a stormy altar of Qazlal.
  6903 | D:9      | Noticed murphyslaw's ghost (novice DsCK)
  6927 | D:9      | Killed murphyslaw's ghost
  6927 | D:9      | Reached XP level 10. HP: 84/92 MP: 9/9
  7213 | D:9      | Found a basalt altar of Yredelemnul.
  7254 | D:9      | Reached *** piety under Cheibriados
  7354 | D:9      | Noticed a brown ugly thing
  7362 | D:9      | Killed a brown ugly thing
  7366 | D:9      | Gained mutation: Your natural rate of healing is unusually fast. [mutagenic meat]
  7583 | D:9      | Found a sacrificial altar of Ru.
  7631 | D:10     | Entered Level 10 of the Dungeon
  7640 | D:10     | Gained mutation: Your magical capacity is low (-10% MP). [mutagenic meat]
  7641 | D:10     | Gained mutation: You are dopey. (Int -2) [mutagenic meat]
  7642 | D:10     | Gained mutation: You evolve. [mutagenic meat]
  7643 | D:10     | Lost mutation: Scrolls take you a little longer to read. [mutagenic meat]
  7644 | D:10     | Gained mutation: You heal very quickly. [mutagenic meat]
  7723 | D:10     | Reached **** piety under Cheibriados
  7770 | D:10     | Noticed a hill giant
  7778 | D:10     | Killed a hill giant
  7778 | D:10     | Reached skill level 10 in Dodging
  7825 | D:10     | Found a staircase to the Orcish Mines.
  8047 | D:10     | Reached ***** piety under Cheibriados
  8147 | D:10     | Noticed a wizard
  8158 | D:10     | Killed a wizard
  8193 | D:10     | Reached XP level 11. HP: 99/99 MP: 8/8
  8385 | D:11     | Noticed a hill giant
  8390 | D:11     | Killed a hill giant
  8485 | D:11     | Noticed a white ugly thing
  8489 | D:11     | Killed a white ugly thing
  8489 | D:11     | Reached skill level 5 in Shields
  8574 | D:11     | Noticed Erolcha
  8583 | D:11     | Killed Erolcha
  8643 | D:11     | Killed an unseen horror
  8656 | D:11     | Gained mutation: You are partially covered in rugged brown scales (AC +1, +3% HP). [evolution]
  8659 | D:11     | Found a staircase to the Lair.
  8875 | D:11     | Noticed a hill giant
  8882 | D:11     | Killed a hill giant
  9118 | D:12     | Noticed a red ugly thing
  9169 | D:12     | Killed a red ugly thing
  9382 | D:12     | Reached ****** piety under Cheibriados
  9385 | D:12     | Noticed a hill giant
  9385 | D:12     | Reached skill level 10 in Shields
  9392 | D:12     | Killed a hill giant
  9392 | D:12     | Reached XP level 12. HP: 74/109 MP: 9/9
  9400 | D:12     | Gained mutation: You are partially covered in yellow scales (AC +2). [evolution]
  9523 | D:12     | Found a sacrificial altar of Ru.
  9986 | D:12     | Lost mutation: Your magical capacity is low (-10% MP). [mutagenic meat]
  9987 | D:12     | Gained mutation: You occasionally shout uncontrollably at your foes. [mutagenic meat]
 10089 | D:13     | Noticed an eight-headed hydra
 10103 | D:12     | Killed a 13-headed hydra
 10237 | D:11     | Gained mutation: Your magical capacity is low (-10% MP). [mutagenic meat]
 10238 | D:11     | Lost mutation: You are dopey. (Int -2) [mutagenic meat]
 10285 | Orc:1    | Entered Level 1 of the Orcish Mines
 10289 | Orc:1    | Reached skill level 1 in Invocations
 10302 | Orc:1    | Paralysed by an orc sorcerer for 6 turns
 10435 | Orc:2    | Entered Level 2 of the Orcish Mines
 10478 | Orc:2    | Gained mutation: Scrolls take you a little longer to read. [evolution]
 10514 | Orc:2    | Gained mutation: You are frail (-10% HP). [a neqoxec]
 10660 | Orc:2    | Found a staircase to the Elven Halls.
 10757 | Orc:2    | Noticed an ogre mage
 10758 | Orc:2    | Noticed an ogre mage
 10758 | Orc:2    | Noticed an ogre mage
 10758 | Orc:2    | Noticed an ogre mage
 10760 | Orc:2    | Found Etobia's Jewellery Emporium.
 10760 | Orc:2    | Found Erry's Jewellery Shop.
 10763 | Orc:2    | Reached skill level 5 in Invocations
 10767 | Orc:2    | Killed an ogre mage
 10767 | Orc:2    | Killed an ogre mage
 10768 | Orc:2    | Found Pufilul's Weapon Boutique.
 10768 | Orc:2    | Found Sieqi's Armour Emporium.
 10773 | Orc:2    | Killed an ogre mage
 10775 | Orc:2    | Killed an ogre mage
 10775 | Orc:2    | Reached XP level 13. HP: 75/104 MP: 9/16
 10805 | Orc:2    | Bought the amulet of the Five Places {+Blink rC+ rN+ Regen+ Int-2} for 714 gold pieces
 11285 | Lair:1   | Entered Level 1 of the Lair of Beasts
 12319 | Lair:2   | Reached skill level 10 in Invocations
 12478 | Lair:2   | Reached skill level 1 in Evocations
 12498 | Lair:2   | Learned a level 2 spell: Repel Missiles
 12502 | Lair:2   | Learned a level 3 spell: Summon Guardian Golem
 13135 | Lair:2   | Identified a scroll of acquirement
 13202 | Lair:2   | Gained mutation: Your movements are slightly less encumbered by armour (ER -2). [potion of beneficial mutation]
 13501 | Lair:3   | Reached skill level 5 in Evocations
 13515 | Lair:3   | Noticed Snorg
 13524 | Lair:3   | Killed Snorg
 13547 | Lair:3   | Found a hole to the Spider Nest.
 14209 | Lair:4   | Gained mutation: You have sharp toenails. [evolution]
 14678 | Lair:5   | Reached skill level 1 in Unarmed Combat
 15119 | Lair:5   | Found a staircase to the Swamp.
 15130 | Lair:5   | Reached XP level 14. HP: 100/110 MP: 18/18
 15415 | Lair:6   | Reached skill level 5 in Unarmed Combat
 16405 | Lair:7   | Reached skill level 10 in Unarmed Combat
 16480 | Lair:7   | Reached skill level 10 in Fighting
 16916 | Lair:7   | Noticed ryw's ghost (journeyman CeHu)
 16931 | Lair:7   | Killed ryw's ghost
 17021 | Lair:8   | Entered Level 8 of the Lair of Beasts
 17134 | Lair:8   | Reached skill level 10 in Axes
 17156 | Lair:8   | Lost mutation: Your magical capacity is low (-10% MP). [evolution]
 17350 | Lair:8   | Found a staircase to the Slime Pits.
 17633 | Lair:8   | Reached XP level 15. HP: 113/119 MP: 21/21
 17634 | Lair:8   | Reached skill level 11 in Fighting
 18201 | Spider:1 | Entered Level 1 of the Spider Nest
 18330 | Spider:1 | Reached skill level 12 in Fighting
 18900 | Spider:2 | Found a frozen archway.
 18913 | IceCv    | Entered an ice cave
 19462 | IceCv    | Learned a level 5 spell: Cigotuvi's Embrace
 19469 | IceCv    | Got a brightly glowing hat
 19475 | IceCv    | Identified the +0 hat "Alieg Ytis" {Slay+2} (You found it in an ice cave)
 19685 | Spider:2 | Reached skill level 15 in Axes
 19772 | Spider:2 | Reached skill level 13 in Fighting
 19910 | Spider:3 | Reached XP level 16. HP: 132/132 MP: 22/22
 20586 | Spider:3 | Gained mutation: You are resistant to hostile enchantments. [evolution]
 20648 | Spider:3 | Learned a level 3 spell: Regeneration
 20817 | Spider:4 | Entered Level 4 of the Spider Nest
 21366 | Spider:4 | Reached skill level 14 in Fighting
 21495 | Spider:4 | Gained mutation: You are partially covered in large bone plates (AC +2, SH +2). [mutagenic meat]
 21496 | Spider:4 | Gained mutation: You are dopey. (Int -2) [mutagenic meat]
 21499 | Spider:4 | Gained mutation: You passively map a small area around you. [mutagenic meat]
 21582 | Spider:4 | Lost mutation: You heal very quickly. [mutagenic meat]
 21584 | Spider:4 | Lost mutation: Your movements are slightly less encumbered by armour (ER -2). [mutagenic meat]
 21585 | Spider:4 | Gained mutation: You have razor-sharp toenails. [mutagenic meat]
 21587 | Spider:4 | Lost mutation: Scrolls take you a little longer to read. [mutagenic meat]
 21588 | Spider:4 | Lost mutation: You occasionally shout uncontrollably at your foes. [mutagenic meat]
 21589 | Spider:4 | Gained mutation: Scrolls take you a little longer to read. [mutagenic meat]
 21590 | Spider:4 | Gained mutation: Your muscles are strong. (Str +2) [mutagenic meat]
 21591 | Spider:4 | Lost mutation: You passively map a small area around you. [mutagenic meat]
 21604 | Spider:4 | Got a gossamer rune of Zot
 21858 | Swamp:1  | Entered Level 1 of the Swamp
 22067 | Swamp:1  | Noticed a thorn hunter
 22079 | Swamp:1  | Killed a thorn hunter
 22093 | Swamp:1  | Learned a level 1 spell: Corona
 22140 | Swamp:1  | Reached XP level 17. HP: 143/143 MP: 23/23
 22850 | Swamp:2  | Reached skill level 10 in Evocations
 23133 | Swamp:2  | Lost mutation: You are frail (-10% HP). [evolution]
 23966 | Swamp:4  | Entered Level 4 of the Swamp
 24385 | Swamp:4  | Got a decaying rune of Zot
 25046 | D:14     | Found a gate to the Vaults.
 25090 | D:14     | Reached XP level 18. HP: 162/162 MP: 27/27
 25113 | Vaults:1 | Entered Level 1 of the Vaults
 25541 | Vaults:1 | Reached skill level 15 in Evocations
 25555 | Vaults:1 | Gained mutation: You are clumsy. (Dex -2) [mutagenic meat]
 25556 | Vaults:1 | Gained mutation: You are very dopey. (Int -4) [mutagenic meat]
 25557 | Vaults:1 | Lost mutation: Your muscles are strong. (Str +2) [mutagenic meat]
 25558 | Vaults:1 | Lost mutation: You are partially covered in yellow scales (AC +2). [mutagenic meat]
 25559 | Vaults:1 | Lost mutation: You are clumsy. (Dex -2) [mutagenic meat]
 25562 | Vaults:1 | Lost mutation: Scrolls take you a little longer to read. [mutagenic meat]
 25563 | Vaults:1 | Lost mutation: You are very dopey. (Int -4) [mutagenic meat]
 25759 | Vaults:1 | Gained mutation: You rapidly evolve. [mutagenic meat]
 26614 | Vaults:2 | Noticed Xtahua
 26625 | Vaults:2 | Killed Xtahua
 26654 | Vaults:2 | Found a staircase to the Crypt.
 26711 | Vaults:2 | Reached XP level 19. HP: 139/170 MP: 29/29
 26812 | Vaults:2 | Noticed Margery
 26840 | Vaults:2 | Killed Margery
 27043 | Vaults:2 | Found Purig's General Store.
 27043 | Vaults:2 | Found Mogi Say's Magic Scroll Boutique.
 27071 | Vaults:2 | Noticed Boris
 27086 | Vaults:2 | Killed Boris
 27308 | Vaults:2 | Found Hoimn's Book Shoppe.
 27493 | Vaults:2 | Reached skill level 15 in Invocations
 29132 | Vaults:3 | Learned a level 2 spell: Passwall
 29411 | Vaults:4 | Reached XP level 20. HP: 181/181 MP: 30/30
 29672 | Vaults:4 | Reached skill level 15 in Armour
 29945 | Vaults:4 | Noticed a Tzitzimitl
 30583 | Vaults:4 | Gained mutation: You are clumsy. (Dex -2) [mutagenic meat]
 30584 | Vaults:4 | Lost mutation: You are dopey. (Int -2) [mutagenic meat]
 30780 | Vaults:5 | Entered Level 5 of the Vaults
 30786 | Vaults:5 | Reached skill level 15 in Dodging
 30835 | Vaults:5 | Reached XP level 21. HP: 83/187 MP: 12/31
 31075 | Vaults:5 | Noticed an ancient lich
 31092 | Vaults:5 | Killed an ancient lich
 31341 | Vaults:5 | Got a silver rune of Zot
 31450 | Vaults:5 | Noticed a golden dragon
 31463 | Vaults:5 | Killed a golden dragon
 32020 | Vaults:5 | Got a translucent steel ring
 32132 | Vaults:5 | Identified the ring of Finality {+Fly rElec AC+3 Dex+5} (You took it off a yaktaur captain on level 5 of the Vaults)
 32607 | D:14     | Reached XP level 22. HP: 195/195 MP: 32/32
 33066 | D:15     | Entered Level 15 of the Dungeon
 33069 | D:15     | Noticed Roxanne
 33089 | D:15     | Killed Roxanne
 33176 | D:15     | Found a staircase to the Depths.
 33308 | D:15     | Noticed Azrael
 33322 | D:15     | Killed Azrael
 33551 | D:15     | Gained mutation: You expend magic power (3 MP) to strengthen your wands. [potion of mutation]
 33742 | Depths:1 | Entered Level 1 of the Depths
 33888 | Depths:1 | Identified the Grimoire of the Oath
 33900 | Depths:1 | Learned a level 2 spell: Confusing Touch
 34079 | Depths:1 | Found a gateway to a ziggurat.
 34108 | Zig:1    | Entered Level 1 of a ziggurat
 34131 | Zig:2    | Entered Level 2 of a ziggurat
 34175 | Zig:2    | Learned a level 5 spell: Silence
 34178 | Zig:3    | Entered Level 3 of a ziggurat
 34215 | Zig:4    | Entered Level 4 of a ziggurat
 34263 | Zig:5    | Entered Level 5 of a ziggurat
 34304 | Zig:6    | Entered Level 6 of a ziggurat
 34342 | Zig:6    | Got a polished cloak
 34353 | Zig:6    | Identified the +2 cloak "Daru" {Int+5 Dex+3} (You found it on level 6 of a ziggurat)
 34366 | Zig:7    | Entered Level 7 of a ziggurat
 34374 | Zig:7    | Noticed a Killer Klown
 34409 | Zig:7    | Killed a Killer Klown
 34471 | Zig:8    | Entered Level 8 of a ziggurat
 34521 | Zig:8    | Got a transparent steel amulet
 34530 | Zig:8    | Identified the amulet of Equesas {Gourm Str+4} (You found it on level 8 of a ziggurat)
 34540 | Zig:9    | Entered Level 9 of a ziggurat
 34625 | Zig:9    | Learned a level 1 spell: Apportation
 34643 | Zig:10   | Entered Level 10 of a ziggurat
 34809 | Zig:10   | Got a jewelled battleaxe
 34829 | Zig:10   | Identified the +8 battleaxe of Domination {chop, Dex+5} (You found it on level 10 of a ziggurat)
 34831 | Zig:10   | Reached XP level 23. HP: 201/201 MP: 33/33
 34832 | Zig:10   | Reached XP level 24. HP: 210/210 MP: 33/34
 34850 | Zig:11   | Entered Level 11 of a ziggurat
 34863 | Zig:11   | Reached skill level 15 in Shields
 34867 | Zig:11   | Gained mutation: You are frail (-10% HP). [a shining eye]
 34871 | Zig:11   | Gained mutation: Armour fits poorly on your strangely shaped body. [a shining eye]
 34871 | Zig:11   | Gained mutation: You are very frail (-20% HP). [a shining eye]
 34880 | Zig:11   | Gained mutation: You are occasionally teleported next to monsters. [a shining eye]
 34884 | Zig:11   | Gained mutation: You are dopey. (Int -2) [a shining eye]
 35037 | Zig:11   | Identified the Grimoire of Displaced Transformation
 35051 | Zig:12   | Entered Level 12 of a ziggurat
 35282 | Depths:1 | Found a gateway to Hell.
 35460 | Depths:1 | Reached XP level 25. HP: 175/175 MP: 34/34
 35615 | Depths:2 | Learned a level 2 spell: Shroud of Golubria
 35619 | Depths:2 | Learned a level 3 spell: Teleport Other
 35850 | Depths:2 | Noticed the Enchantress
 35942 | Depths:2 | Killed the Enchantress
 35946 | Depths:2 | Got a faerie dragon armour
 35947 | Depths:2 | Identified the +0 faerie dragon armour {Str+2 Slay+3} (You took it off the Enchantress on level 2 of the Depths)
 36242 | Depths:2 | Noticed a greater mummy
 36279 | Depths:2 | Killed a greater mummy
 36279 | Depths:2 | Reached skill level 15 in Fighting
 36639 | Depths:3 | Got a faintly glowing lapis lazuli ring
 36640 | Depths:3 | Identified the ring of Amelioration {-Tele +Fly rPois Str+10 Dex+4} (You found it on level 3 of the Depths)
 36886 | Depths:3 | Found a one-way gate leading to the halls of Pandemonium.
 37407 | Depths:4 | Noticed a juggernaut
 37445 | Depths:4 | Reached skill level 16 in Fighting
 37611 | Depths:4 | Noticed an iron giant
 37615 | Depths:4 | Lost mutation: You are dopey. (Int -2) [evolution]
 37672 | Depths:4 | Reached skill level 17 in Fighting
 37911 | Depths:4 | Found a runed door.
 38306 | Depths:4 | Reached skill level 18 in Fighting
 38343 | Depths:4 | Killed a juggernaut
 38593 | Depths:4 | Noticed a juggernaut
 38646 | Depths:4 | Noticed Frederick
 38654 | Depths:4 | Banished Frederick
 38654 | Depths:4 | Reached skill level 19 in Fighting
 38999 | Depths:4 | Found a one-way gate to the infinite horrors of the Abyss.
 39017 | Depths:4 | Got a transparent triple sword
 39023 | Depths:4 | Identified the +8 triple sword of the Spider Nest {flame, *Rage +Blink rElec MR+} (You found it on level 4 of the Depths)
 39083 | Depths:4 | Identified the Handbook of Supportive Changing
 39184 | Depths:4 | Identified Sesiom's Spellweaving Continued
 39189 | Depths:4 | Learned a level 3 spell: Mephitic Cloud
 39296 | Depths:5 | Entered Level 5 of the Depths
 39337 | Depths:5 | Reached XP level 26. HP: 148/197 MP: 34/34
 39639 | Depths:5 | Reached skill level 20 in Fighting
 39797 | Depths:5 | Found a gate to the Realm of Zot.
 39820 | Zot:1    | Entered Level 1 of the Realm of Zot
 40115 | Zot:1    | Reached skill level 21 in Fighting
 40672 | Zot:2    | Reached skill level 22 in Fighting
 41264 | Zot:4    | Reached skill level 23 in Fighting
 41310 | Zot:5    | Entered Level 5 of the Realm of Zot
 41350 | Zot:5    | Gained mutation: You can translocate small distances at will. [evolution]
 41424 | Zot:5    | Noticed an ancient lich
 41434 | Zot:5    | Killed an ancient lich
 41528 | Zot:5    | Reached XP level 27. HP: 214/214 MP: 34/34
 41587 | Zot:5    | Noticed an ancient lich
 41683 | Zot:5    | Noticed an ancient lich
 41690 | Zot:5    | Banished an ancient lich
 41882 | Zot:5    | Noticed an orb of fire
 41882 | Zot:5    | Gained mutation: Your body sometimes deteriorates upon taking damage. [an orb of fire]
 41884 | Zot:5    | Banished an orb of fire
 41935 | Zot:5    | Noticed an orb of fire
 41937 | Zot:5    | Lost mutation: You expend magic power (3 MP) to strengthen your wands. [an orb of fire]
 41942 | Zot:5    | Noticed an orb of fire
 41942 | Zot:5    | HP: 9/214 [orb of fire/fireball (46)]
 41943 | Zot:5    | Gained mutation: Scrolls take you a little longer to read. [an orb of fire]
 41943 | Zot:5    | HP: 2/214 [orb of fire/fireball (35)]
 41946 | Zot:5    | Killed from afar by a purple draconian

Vault maps used:
D:1:      nicolae_arrival_memento_mori
D:2:      first_bread, minmay_crystal_water
D:3:      ecumenical_altar_1, serial_undead, serial_undead_a, serial_undead_b,
          serial_undead_a, serial_undead_b, portal_sewer_entry_a
D:5:      basic_altar, serial_shops, nicolae_shop_statue_plus
D:6:      lemuel_zombie_altar_kikubaaqudgha,
          minmay_temple_entry_enclosed_plants, uniq_pikel, uniq_edmund
D:7:      tgw_sif, basic_altar
D:8:      serial_shops, shop, basic_altar, hangedman_pestilent_swarm,
          bloody_trog
D:9:      yredelemnul_forgotten_temple_becter, nicolae_ru_the_path_less_chosen,
          grunt_temple_overflow_open, hex_tiny
D:10:     hiddenorc1_lemuel, lightli_wizard_tower
D:11:     lair_0_dummy, uniq_erolcha
D:12:     basic_altar, serial_bayou_pond_d
D:13:     serial_shops, kennysheep_mini_moat, nicolae_shop_overgrown_old_shop,
          nicolae_shop_trees, minivault_28
D:14:     minmay_distorted_concentric_squares, david_vaults_1, serial_glass,
          glass_columns_b, glass_columns_a, minmay_crystal_room
D:15:     hangedman_depths_entry_try_elsewhere_first, grunt_decor_resistance,
          uniq_azrael, uniq_roxanne
Temple:   minmay_temple_forest_path_12
Lair:1:   dragon1_lemuel, minivault_23
Lair:2:   lemuel_slime, minmay_lair_oklob_bushes, serial_bayou_shore_b,
          serial_bayou_shore_b, grunt_megastairs_3
Lair:3:   nicolae_spider_entry_non_spiders, serial_bayou_lagoon_a, uniq_snorg
Lair:4:   bobbens_ice_dragon_lair
Lair:5:   minmay_swamp_entry_worms, infiniplex_staircase_pool_2,
          serial_bayou_shore_a, grunt_megastairs_5
Lair:6:   lemuel_ratsnest, nicolae_quartered_pool_little
Lair:8:   evilmike_catoblepas_cave, minmay_slime_entry_oklob_enclosed,
          columned_hall_lemuel
Swamp:1:  hangedman_swamp_lotus, swamp_pool1
Swamp:2:  hangedman_swamp_ruin_wall
Swamp:3:  evilmike_swamp_ruin_house_4
Swamp:4:  swamp, swamp_pool1, grunt_hermit_hut, infiniplex_staircase_pool,
          uniq_kirke
Spider:2: portal_ice_cave_entry_pillars_02
Spider:3: zaba_antful_of_joy
Spider:4: spider_rune_water, spider_trap
Orc:2:    st_orc_ogre_mass, special_room
Vaults:1: vaults_dpeg_diagonal, hangedman_vaults_trim, v_misc_31,
          ontoclasm_vaults_ring_large, hangedman_vaults_river_flow,
          hangedman_vaults_nails, v_pattern_3, nicolae_vaults_big_ls,
          vaults_room_hallway
Vaults:2: v_misc_4, v_pattern_4, dpeg_vaults_monster_box, hangedman_vaults_maws,
          hangedman_vaults_snaps, hangedman_vaults_variations,
          nicolae_vaults_little_squares_2, vaults_mumra_bighexcomb,
          dummy_crypt_entry, serial_shops, nicolae_shop_crystal, shop,
          nicolae_shop_statue_plus, uniq_margery, uniq_xtahua, uniq_boris
Vaults:3: grunt_vaults_swirl, v_misc_27, ontoclasm_vaults_tryst,
          vaults_mumra_chevron_long, v_misc_25, vaults_room_hallway,
          dpeg_vaults_waves, nicolae_vaults_little_squares_1, v_pattern_1
Vaults:4: hangedman_vaults_stagger, nicolae_vaults_triangles, v_misc_14,
          v_alt_pattern_2, v_misc_23, v_misc_23, v_pattern_5,
          nicolae_vaults_rhombus_7, nicolae_vaults_angled_halls,
          vaults_dpeg_hooks, vaults_dpeg_ring
Depths:1: enter_ziggurat_e, pf_coc_iceberg, st_stairs_10, lemuel_nasty_fountain
Depths:2: lemuel_minitomb, hell_entry, serial_sigils_hangedman_etch,
          serial_column_ruins, column_ruins_portal_astroid, column_ruins_grid_1,
          column_ruins_columns_straight, column_ruins_corridor_corner,
          column_ruins_grid_1, uniq_enchantress
Depths:3: minmay_isolated_rectangles_in_corner, grunt_mini_vestibule, pan_entry,
          grunt_megastairs_2
Depths:4: box_level_dp, hell_entry, abyss_entry, uniq_frederick
Depths:5: grunt_twist_and_shout, pf_dread_powers_of_hell,
          hangedman_decor_lopped, st_stairs_13, serial_bayou_pond_a,
          minmay_misc_feat_more_columns, minivault_14
Zot:1:    grunt_ministairs_11, grunt_megastairs_4
Zot:4:    lemuel_firehouse
Zig:11:   ziggurat_loot_3
IceCv:    ice_cave_caverns_02

Skill      XL: |  1  2  3  4  5  6  7  8  9 10 11 12 13 14 15 16 17 18 19 20 21 22 23 24 25 26 27 |
---------------+----------------------------------------------------------------------------------+-----
Axes           | 3 4 5 6 7 8 10 15 18 | 18.1
Fighting       | 4 5 6 7 8 9 10 13 14 19 23 | 23.0
Armour         | 6 9 10 14 17 19 21 | 21.1
Dodging        | 6 11 13 16 20 21 | 21.7
Shields        | 10 12 14 16 17 | 17.8
Invocations    | 8 10 13 15 16 | 16.3
Evocations     | 8 13 15 | 15.0
Unarmed Combat | 3 10 | 10.1
Spellcasting   | 3 |  3.0

Action                   |  1- 3 |  4- 6 |  7- 9 | 10-12 | 13-15 | 16-18 | 19-21 | 22-24 | 25-27 || total
-------------------------+-------+-------+-------+-------+-------+-------+-------+-------+-------++-------
Melee: War axe           |    66 |   150 |    38 |       |       |       |       |       |       ||   254
       Broad axe         |       |       |   222 |   399 |  1145 |  1269 |  1060 |   451 |  1282 ||  5828
Throw: Javelin           |       |       |     2 |    10 |     1 |       |    15 |     1 |       ||    29
Invok: Slouch            |       |       |       |     1 |     5 |     5 |     9 |    11 |       ||    31
       Step From Time    |       |       |       |       |       |     1 |     1 |       |     2 ||     4
 Abil: Evoke Blink       |       |       |       |       |     1 |       |     4 |     1 |       ||     6
Evoke: Wand              |       |       |       |       |     1 |       |       |       |     4 ||     5
  Use: Scroll            |       |       |    16 |       |    31 |    12 |     7 |    23 |     6 ||    95
       Potion            |       |       |     2 |     4 |     5 |     1 |    17 |     7 |     2 ||    38
 Stab: Invisible         |       |       |       |    14 |       |       |     7 |       |       ||    21
       Distracted        |       |       |       |       |       |     1 |       |       |       ||     1
       Paralysed         |       |       |       |       |       |       |     1 |       |       ||     1
  Eat: Chunk             |     1 |     4 |    10 |    22 |    18 |    40 |    18 |     5 |    12 ||   130
       Fruit             |       |       |     3 |       |     8 |     4 |       |       |     1 ||    16
       Bread ration      |       |       |       |     1 |       |       |       |       |       ||     1
       Royal jelly       |       |       |       |       |       |       |       |     2 |       ||     2
       Meat ration       |       |       |       |       |       |       |       |       |     2 ||     2
